 Dungeon Crawl Stone Soup version 0.21.1-1-g345015f (webtiles) character file.

511 blaoi the Ducker (level 6, -2/61 HPs)
             Began as a Troll Fighter on Apr 25, 2018.
             Killed from afar by an orc wizard (7 damage)
             ... with a magic dart
             ... on level 4 of the Dungeon.
             The game lasted 00:22:24 (4261 turns).

blaoi the Ducker (Troll Fighter)                    Turns: 4261, Time: 00:22:25

Health: -2/61      AC:  5    Str: 32    XL:     6   Next: 99%
Magic:  5/5        EV:  9    Int:  2    God:
Gold:   299        SH: 10    Dex:  9    Spells: 5/5 levels left

rFire    . . .     SeeInvis .   i - +1 short sword (holy)
rCold    . . .     Gourm    +   b - +0 shield
rNeg     . . .     Faith    .   a - +0 robe
rPois    .         Spirit   .   (helmet restricted)
rElec    .         Reflect  .   (no cloak)
rCorr    .         Harm     +   (gloves unavailable)
MR       +....                  (boots unavailable)
Stlth    +.........             f - amulet of harm
HPRegen  0.60/turn              o - ring of protection from magic
MPRegen  0.09/turn              r - -2 ring of intelligence (curse)

@: mighty
A: large, unfitting armour, claws 3, fast metabolism 3, gourmand, regeneration
1, shaggy fur 1, tough skin 2
a: no special abilities


You were on level 4 of the Dungeon.
You were not hungry.

You visited 1 branch of the dungeon, and saw 4 of its levels.

You collected 299 gold pieces.

Inventory:

Hand Weapons
 i - a +1 short sword of holy wrath (weapon)
Armour
 a - a +0 robe (worn)
 b - a +0 shield (worn)
Jewellery
 f - an amulet of harm (around neck)
 o - a ring of protection from magic (left claw)
 r - a cursed -2 ring of intelligence (right claw)
 u - an uncursed amulet of rage {unknown}
Wands
 e - a wand of digging (7)
Scrolls
 k - a scroll of immolation {unknown}
 l - 4 scrolls of teleportation {unknown}
 m - a scroll of noise
 n - a scroll of random uselessness {unknown}
 p - a scroll of fear {unknown}
 t - a scroll of enchant armour {unknown}
 v - a scroll of remove curse {unknown}
 w - a scroll of fog {unknown}
Potions
 g - a potion of degeneration {unknown}
 h - 2 potions of lignification {unknown}
 j - a potion of invisibility {unknown}
Comestibles
 d - 6 rations


   Skills:
 + Level 3.3 Fighting
 + Level 2.2 Short Blades
 + Level 1.3 Throwing
 + Level 3.8 Dodging
 + Level 0.8 Stealth
 + Level 3.8 Shields
 + Level 2.8 Unarmed Combat


You had 5 spell levels left.
You didn't know any spells.

Dungeon Overview and Level Annotations

Branches:
Dungeon (4/15)
 Temple: D:4-7

Altars:
Fedhas
The Shining One

Annotations:
D:3 1 runed door, exclusion: oklob plant
D:4 Duvessa; Supreme's ghost, amateur DEWz


Innate Abilities, Weirdness & Mutations

You are too large for most types of armour.
You have claws for hands.
Your metabolism is lightning-fast.
You like to eat raw meat.
Your natural rate of healing is unusually fast.
You are covered in fur. (AC +1)
You have very tough skin. (AC +2)


Message History

The orc wizard hits you but does no damage. x2
The orc wizard completely misses you.
You bump into the rock wall.
The orc wizard hits you with a dagger.
* * * LOW HITPOINT WARNING * * *
The orc wizard hits you but does no damage.
You bump into the rock wall.
You feel less confused. The orc wizard barely misses you.
The orc wizard hits you but does no damage.
You block the orc wizard's attack.
You barely miss the orc wizard.
The orc wizard is severely wounded.
The orc wizard hits you with a dagger.
* * * LOW HITPOINT WARNING * * *
The orc wizard barely misses you.
You barely miss the orc wizard.
The orc wizard is severely wounded.
The orc wizard gestures at you while chanting.
The magic dart hits you!
You die...

#.#.# .# #)#.## .#
#....# .#
##....###.#
#.........#########
#............oo.{.#
#......oo########.#
###...##@# #e#
######......))# #<#
#......#####†.# #.#
#.####...#.<..# #.#
###.######.#.##.#
#.#
##.....####...##.#
#.#
...###..)........#
#.# ..##
##.#.######## #.#
..# #...########
#.#


You could see 2 orc wizards.

Vanquished Creatures
  Dowan (D:4)
  3 hounds (D:4)
  An orc priest (D:4)
  An iguana (D:4)
  2 worker ants (D:4)
  Natasha (thrice) (D:2)
  8 adders
  3 worms (D:2)
  4 dart slugs
  4 leopard geckos
  7 orcs
  5 giant cockroaches
  11 goblins
  2 hobgoblins
  11 jackals
  9 kobolds
  5 quokkas
  5 ball pythons
  10 bats
  7 frilled lizards
  A giant cockroach zombie (D:2)
  7 rats
  4 fungi (D:3)
  4 plants (D:3)
118 creatures vanquished.

Vanquished Creatures (others)
  A ball python (D:4)
1 creature vanquished.

Grand Total: 119 creatures vanquished

Notes
Turn   | Place    | Note
-------+----------+-------------------------------------------
     0 | D:1      | blaoi the Troll Fighter began the quest for the Orb.
     0 | D:1      | Reached XP level 1. HP: 22/22 MP: 0/0
    43 | D:1      | Reached XP level 2. HP: 24/29 MP: 1/1
   464 | D:1      | Reached XP level 3. HP: 36/36 MP: 2/2
  1481 | D:2      | Noticed Natasha
  1503 | D:2      | Killed Natasha
  1503 | D:2      | Reached skill level 1 in Short Blades
  1503 | D:2      | Reached XP level 4. HP: 28/44 MP: 3/3
  1578 | D:2      | Noticed Natasha
  1594 | D:2      | Killed Natasha
  1729 | D:2      | Noticed Natasha
  1737 | D:2      | Killed Natasha
  1737 | D:2      | Reached XP level 5. HP: 24/50 MP: 4/4
  2287 | D:3      | Found a blossoming altar of Fedhas.
  2418 | D:3      | Noticed an oklob plant
  2686 | D:3      | Found a glowing golden altar of the Shining One.
  2687 | D:3      | Found a runed door.
  2687 | D:3      | Noticed an angel
  3518 | D:4      | Noticed Supreme's ghost (amateur DEWz)
  3540 | D:4      | Noticed Duvessa
  3556 | D:4      | Noticed Dowan
  3635 | D:4      | Noticed a two-headed ogre
  3802 | D:4      | Reached XP level 6. HP: 48/59 MP: 5/5
  3860 | D:4      | Reached skill level 1 in Throwing
  4175 | D:4      | Killed Dowan
  4261 | D:4      | Killed from afar by an orc wizard

Skill      XL: |  1  2  3  4  5  6 |
---------------+-------------------+-----
Dodging        | 3 |  3.8
Short Blades   | 1 2 |  2.2
Shields        | 3 |  3.8
Throwing       | 1 |  1.3
Fighting       | 3 |  3.3
Stealth        | |  0.8
Unarmed Combat | |  2.8

Action                   |  1- 3 |  4- 6 || total
-------------------------+-------+-------++-------
Melee: Unarmed           |    74 |       ||    74
       Short sword       |   108 |   544 ||   652
Throw: Tomahawk          |       |    26 ||    26
Evoke: Wand              |       |     7 ||     7
  Use: Scroll            |     2 |       ||     2
       Potion            |       |     1 ||     1
  Eat: Chunk             |    19 |    11 ||    30
       Ration            |       |     3 ||     3
Armor: Robe              |    88 |   117 ||   205
Dodge: Dodged            |    61 |   140 ||   201
Block: Shield            |    89 |   193 ||   282
